 Dungeon Crawl Stone Soup version 0.24-a0-584-g9d6b971ae4 (webtiles) character file.

Game seed: 11645292189784740150, levelgen mode: deterministic

804 Mithandil the Skirmisher (level 7, -1/56 HPs)
             Began as a Demonspawn Abyssal Knight on Sept 5, 2019.
             Was a Believer of Lugonu.
             Succumbed to Dowan's poison
             ... on level 4 of the Dungeon.
             The game lasted 00:23:13 (3870 turns).

Mithandil the Skirmisher (DsAK)                     Turns: 3870, Time: 00:23:14

Health: -1/56      AC: 15    Str: 15    XL:     7   Next: 60%
Magic:  5/10       EV:  5    Int: 13    God:    Lugonu [**....]
Gold:   187        SH:  0    Dex: 12    Spells: 6/6 levels left

rFire    + . .     SeeInvis .   a - +1 spear
rCold    + . .     Gourm    .   (no shield)
rNeg     . . .     Faith    .   d - +0 plate armour
rPois    .         Spirit   +   (no helmet)
rElec    .         Reflect  .   (no cloak)
rCorr    .         Harm     .   (no gloves)
MR       .....                  (no boots)
Stlth    ..........             s - amulet of guardian spirit
HPRegen  0.18/turn              g - ring of protection from cold
MPRegen  0.12/turn              l - ring of stealth

@: lethally poisoned (-1 -> -24)
A: claws 1, hooves 1, iridescent scales 2, demonic guardian 2, fire resistance
1, mutation resistance 1
a: Depart the Abyss, Bend Space, Renounce Religion


You were on level 4 of the Dungeon.
You worshipped Lugonu.
Lugonu was pleased with you.
You were hungry.

You visited 1 branch of the dungeon, and saw 6 of its levels.
You visited the Abyss 1 time.

You collected 187 gold pieces.

Inventory:

Hand Weapons
 a - a +1 spear (weapon)
 b - a +0 fustibalus
 y - a +2 dagger of draining
Missiles
 f - 269 stones
 j - 22 bolts
 k - 11 poisoned darts
 p - 25 sling bullets
 w - 3 boomerangs (quivered)
 x - 14 arrows
Armour
 d - a +0 plate armour (worn)
 i - the +1 robe "Kyojaw" {+Inv rF- MR+ Str+6}
   (You found it on level 4 of the Dungeon)

   It affects your strength (+6).
   It makes you vulnerable to fire.
   It affects your resistance to hostile enchantments.
   It lets you turn invisible.
 m - a +0 ring mail
 A - a +1 leather armour of magic resistance
 B - +0 storm dragon scales
Jewellery
 g - a ring of protection from cold (left claw)
 l - a ring of stealth (right claw)
 s - an amulet of guardian spirit (around neck)
Scrolls
 e - 7 scrolls of remove curse
 h - 3 scrolls of amnesia
 n - 2 scrolls of teleportation
 o - a scroll of immolation {unknown}
 q - a scroll of blinking {unknown}
 r - 2 scrolls of identify
 u - a scroll of random uselessness {unknown}
 v - a scroll of enchant armour {unknown}
Potions
 t - a potion of mutation
Comestibles
 c - 12 rations
 z - 5 chunks of flesh


   Skills:
 * Level 5.1 Fighting
 + Level 3.1 Polearms
 - Level 1.1 Slings
 + Level 3.1 Armour
 + Level 2.6 Dodging
 + Level 2.6 Stealth
 + Level 2.3 Unarmed Combat
 + Level 4.6 Invocations


You had 6 spell levels left.
You didn't know any spells.
Your spell library was empty.

Dungeon Overview and Level Annotations

Branches:
Dungeon (6/15)
 Temple: D:4-7

Altars:
Hepliaklqana
Nemelex Xobeh
Zin

Annotations:
D:4 2 transporters, Dowan; hemabe's ghost, novice HuAr


Innate Abilities, Weirdness & Mutations

You have large cloven feet.
You are mostly covered in iridescent scales. (AC +4)
A demonic guardian rushes to your aid.
You have sharp fingernails.
Your flesh is heat resistant. (rF+)
You are somewhat resistant to further mutation.


Message History

Dowan is severely wounded.
* * * LOW HITPOINT WARNING * * *
You feel very sick. Dowan barely misses your orange demon.
Your orange demon barely misses Dowan.
Your orange demon closely misses Dowan.
Dowan completely misses your orange demon.
Attack whom?
Press: ? - help, Dir - move target cursor, f/p - Dowan
Aim: Dowan, wielding a +1 dagger of venom and wearing a +0 robe (severely wounded, fast, weak)
You could not reach far enough!
* * * LOW HITPOINT WARNING * * *
You feel sick.
Your orange demon barely misses Dowan.
Your orange demon hits Dowan.
Dowan casts a spell at you.
The shard of ice hits your orange demon!
Attack whom?
Press: ? - help, Dir - move target cursor, f/p - Dowan
Aim: Dowan, wielding a +1 dagger of venom and wearing a +0 robe (almost dead, fast, weak)
You could not reach far enough!
You die...

...............# #.......
#.#######....##.# #.......
#.#######....##.##. #.......
#.................. +....>..
########.....##.##. #.......
............# .# #####.......
#######.....##.#..#...#.......
#.# #.###e##.#.##...#....... #..
...# #>4@................
#.###### ####.#..............
#####.#.. .#.........#.### ..
...#.# ##.........#..##
.####.#.###########.........'...#
............................##..#
..≈≈≈≈≈≈≈≈≈≈≈...≈≈≈≈≈≈≈≈≈≈≈.# #.#
..≈≈≈≈≈≈≈≈≈≈≈...≈≈≈≈≈≈≈≈≈≈≈.# .#
..≈≈#####...........#####≈≈.# .#


You could see Dowan and a friendly orange demon.

Vanquished Creatures
  Sigmund (D:4)
  An ogre (D:4)
  Blork the orc (D:4)
  2 crimson imps
  A hound (D:4)
  A worker ant (D:4)
  2 adders
  A shadow imp (D:3)
  An ooze (D:5)
  2 worms (D:2)
  5 dart slugs
  An orc (D:3)
  5 bats
  A giant cockroach (D:2)
  7 goblins
  4 hobgoblins
  8 jackals (D:3)
  2 quokkas
  A ball python skeleton (D:4)
  4 frilled lizards
  A jackal skeleton (D:5)
  7 kobolds
  2 rats
61 creatures vanquished.

Vanquished Creatures (collateral kills)
  Edmund (D:4)
  Duvessa (D:4)
  An orc warrior (D:4)
  2 scorpions (D:4)
  A bullfrog zombie (D:4)
  An orc wizard (D:4)
  An orc (D:4)
  A quokka (D:4)
  A leopard gecko skeleton (D:4)
10 creatures vanquished.

Vanquished Creatures (others)
  5 plants (D:4)
5 creatures vanquished.

Grand Total: 76 creatures vanquished

Notes
Turn   | Place    | Note
-------+----------+-------------------------------------------
     0 | Abyss:1  | Mithandil the Demonspawn Abyssal Knight began the quest for
                  | the Orb.
     0 | Abyss:1  | Reached XP level 1. HP: 18/18 MP: 2/2
    50 | Abyss:2  | Noticed a hog
    50 | Abyss:2  | a shapeshifter changed into a hog
    64 | D:1      | Escaped the Abyss
   177 | D:2      | Found a glowing silver altar of Zin.
   196 | D:2      | Reached skill level 1 in Dodging
   275 | D:3      | Gained mutation: You have large cloven feet. [demonic
                  | ancestry]
   275 | D:3      | Reached XP level 2. HP: 24/24 MP: 3/3
   287 | D:3      | Found a hazy altar of Hepliaklqana.
   343 | D:3      | Found a sparkling altar of Nemelex Xobeh.
   368 | D:2      | Reached * piety under Lugonu
   387 | D:1      | Gained mutation: You have sharp fingernails. [potion of
                  | mutation]
   387 | D:1      | Gained mutation: You are somewhat resistant to further
                  | mutation. [potion of mutation]
   387 | D:1      | Gained mutation: Your flesh is heat resistant. (rF+)
                  | [potion of mutation]
   735 | D:1      | Reached XP level 3. HP: 24/29 MP: 5/5
  1103 | D:3      | Reached skill level 1 in Stealth
  1647 | D:3      | Gained mutation: You are partially covered in iridescent
                  | scales. (AC +2) [demonic ancestry]
  1647 | D:3      | Reached XP level 4. HP: 31/35 MP: 4/6
  2478 | D:4      | Got a distressingly furry robe
  2479 | D:4      | Identified the cursed +1 robe "Kyojaw" {+Inv rF- MR+ Str+6}
                  | (You found it on level 4 of the Dungeon)
  2519 | D:4      | Reached skill level 1 in Unarmed Combat
  2620 | D:4      | Noticed Sigmund
  2638 | D:4      | Killed Sigmund
  2638 | D:4      | Reached ** piety under Lugonu
  2638 | D:4      | Reached skill level 4 in Fighting
  2638 | D:4      | Gained mutation: You are mostly covered in iridescent
                  | scales. (AC +4) [demonic ancestry]
  2638 | D:4      | Reached XP level 5. HP: 33/42 MP: 5/7
  2638 | D:4      | Gained mutation: A weak demonic guardian rushes to your
                  | aid. [demonic ancestry]
  2638 | D:4      | Reached XP level 6. HP: 38/48 MP: 5/8
  2668 | D:4      | Found a transporter.
  2742 | D:4      | Found a transporter.
  2792 | D:4      | Noticed hemabe's ghost (novice HuAr)
  3066 | D:5      | Entered Level 5 of the Dungeon
  3503 | D:4      | Noticed Blork the orc
  3512 | D:4      | Killed Blork the orc
  3512 | D:4      | Gained mutation: A demonic guardian rushes to your aid.
                  | [demonic ancestry]
  3512 | D:4      | Reached XP level 7. HP: 33/55 MP: 6/10
  3805 | D:4      | Noticed Edmund
  3813 | D:4      | Killed Edmund
  3813 | D:4      | Reached skill level 5 in Fighting
  3848 | D:5      | Noticed Duvessa
  3848 | D:5      | Noticed Dowan
  3864 | D:4      | Killed Duvessa
  3864 | D:4      | Reached skill level 1 in Slings
  3868 | D:4      | HP: 2/56 [poisoned by Dowan]
  3870 | D:4      | Succumbed to Dowan's poison

Levels and vault maps discovered:
D:1:      dpeg_arrival_rhombi, layout_basic
D:2:      layout_rooms, overflow_temple_1_default, kennysheep_boxes
D:3:      layout_loops_ring, nemelex_xobeh_ov_fountains_minmay,
          lemuel_crystal_altar, hex_medium
D:4:      layout_basic, nicolae_overflow_hidden_temple, lemuel_round_altar,
          nicolae_dithmenos_through_a_glass_darkly,
          gammafunk_ghost_gnarly_gnolls, first_ration, uniq_pikel,
          uniq_blork_the_orc, uniq_sigmund, uniq_edmund
D:5:      layout_rooms, grunt_gozag_breadcrumbs,
          minmay_temple_entry_statues_fountains, serial_shops,
          nicolae_shop_statue_plus, kennysheep_generic_room_4, uniq_duvessa
D:6:      layout_gridville, uniq_menkaure

Skill      XL: |  1  2  3  4  5  6  7 |
---------------+----------------------+-----
Dodging        | 1 2 |  2.6
Armour         | 2 3 |  3.1
Polearms       | 2 3 |  3.1
Stealth        | 1 2 |  2.6
Invocations    | 3 4 |  4.6
Unarmed Combat | 1 2 |  2.3
Fighting       | 4 5 |  5.1
Slings         | 1 |  1.1

Action                   |  1- 3 |  4- 6 |  7- 9 || total
-------------------------+-------+-------+-------++-------
Melee: Spear             |   118 |   123 |    69 ||   310
       Kick              |    16 |    22 |    16 ||    54
       Punch             |     1 |     3 |       ||     4
 Fire: Fustibalus        |       |     1 |       ||     1
Invok: Depart the Abyss  |     1 |       |       ||     1
  Use: Potion            |     5 |     3 |       ||     8
       Scroll            |     2 |     6 |       ||     8
 Stab: Sleeping          |     4 |     2 |       ||     6
       Distracted        |     1 |       |       ||     1
  Eat: Chunk             |     2 |     6 |     1 ||     9
Armor: Leather armour    |    12 |       |       ||    12
       Ring mail         |    16 |    26 |    13 ||    55
       Robe              |       |     2 |       ||     2
       Plate armour      |       |       |    20 ||    20
Dodge: Dodged            |    40 |    44 |    20 ||   104

Table legend:
 A = Non-vault XP
 B = Vault XP
 C = Vault XP percentage of total XP
 D = Non-vault monster count
 E = Vault monster count
 F = Vault count percentage of total count
                 A         B        C        D         E       F
            +---------+---------+-------+---------+---------+-------
      Total |     652 |     497 |  43.3 |      67 |       4 |   5.6
            +---------+---------+-------+---------+---------+-------
        D:1 |      22 |       0 |   0.0 |      12 |       0 |   0.0
        D:2 |      46 |       0 |   0.0 |      14 |       0 |   0.0
        D:3 |      62 |       0 |   0.0 |      23 |       0 |   0.0
        D:4 |     461 |     497 |  51.9 |      13 |       4 |  23.5
        D:5 |      11 |       0 |   0.0 |       4 |       0 |   0.0
        D:6 |      50 |       0 |   0.0 |       1 |       0 |   0.0
            +---------+---------+-------+---------+---------+-------
